 Dungeon Crawl Stone Soup version 0.17.1-3-g152610e (webtiles) character file.

101 Urist the Shield-Bearer (level 4, -1/40 HPs)
             Began as a Hill Orc Fighter on Apr 8, 2016.
             Slain by Purgy (3 damage)
             ... in a sewer.
             The game lasted 00:08:41 (2936 turns).

Urist the Shield-Bearer (Hill Orc Fighter)          Turns: 2936, Time: 00:08:41

Health: -1/40      AC:  7    Str: 17    XL:     4   Next: 75%
Magic:  4/4        EV:  1    Int:  8    God:
Gold:   101        SH:  8    Dex: 10    Spells: 0 memorised, 3 levels left

rFire  + + .     SeeInvis .     a - +0 trident
rCold  + . .     Clarity  .     b - +0 scale mail
rNeg   . . .     SustAt   .     c - +0 shield
rPois  +         Gourm    .     d - +0 helmet
rElec  +         Spirit   .     (no cloak)
rCorr  +         Warding  .     (no gloves)
rMut   .         Stasis   .     (no boots)
MR     .....                    (no amulet)
Stlth  ..........               g - ring of protection from fire
                                o - ring of poison resistance

@: resistant, heavily drained, not resistant to hostile enchantments, extremely
unstealthy
A: blurry vision 1, electricity resistance, weak 1
a: no special abilities


You were in a sewer.
You were not hungry.

You visited 1 branch of the dungeon, and saw 3 of its levels.
You also visited: Sewer.

You collected 101 gold pieces.

Inventory:

Hand Weapons
 a - a +0 trident (weapon)
Armour
 b - a +0 scale mail (worn)
 c - a +0 shield (worn)
 d - a +0 helmet (worn)
Jewellery
 g - a ring of protection from fire (right hand)
 o - a ring of poison resistance (left hand)
 q - an uncursed ring of ice {unknown}
Scrolls
 h - a scroll of recharging
Comestibles
 e - 2 bread rations
 f - a meat ration
 k - 2 fruits


   Skills:
 * Level 4.0(2.0) Fighting
 * Level 2.7(0.8) Polearms
 * Level 3.9(1.9) Armour
 * Level 1.4(0.0) Dodging
 * Level 4.2(2.2) Shields


You had 3 spell levels left.
You didn't know any spells.

Dungeon Overview and Level Annotations

Branches:
Dungeon (3/15)

Altars:
Nemelex Xobeh

Annotations:
Sewer Purgy


Innate Abilities, Weirdness & Mutations

Scrolls take you a little longer to read.
You are resistant to electric shocks.
You are weak. (Str -2)


Message History

Purgy clenches his claws.
Purgy bites you.
* * * LOW HITPOINT WARNING * * *
Purgy closely misses you. You block Purgy's attack.
You enter the shallow water.
Moving in this stuff is going to be slow.
Purgy bites you but does no damage. Purgy claws you but does no damage.
Purgy claws you but does no damage.
You enter the shallow water.
Moving in this stuff is going to be slow.
Purgy bites you.
* * * LOW HITPOINT WARNING * * *
Purgy claws you.
* * * LOW HITPOINT WARNING * * *
You block Purgy's attack.
There is an empty arch of ancient stone here.
There is a gate leading back out of this place here.
Purgy bites you but does no damage. Purgy claws you but does no damage.
Purgy claws you.
You die...

#..≈≈≈≈ ##≈≈≈≈≈ #.≈≈≈≈≈
##.≈≈≈≈≈ #.≈≈≈≈≈≈
###.≈≈≈≈≈ #≈.≈≈≈≈≈≈
##### #.≈≈≈≈≈≈≈
≈≈###@T.# ###.≈≈≈≈≈≈≈
≈≈≈≈≈..≈≈≈####.≈≈≈≈≈≈≈≈≈
≈≈≈≈≈.≈≈≈≈≈..#.≈≈≈≈≈≈≈≈#
≈≈≈≈≈≈≈≈≈≈≈≈.≈≈≈≈≈≈≈≈≈≈#
≈≈≈≈≈≈≈≈≈≈≈≈≈≈≈≈≈≈≈≈≈≈≈#
≈≈≈≈≈≈≈≈≈≈≈≈≈≈≈≈≈≈≈≈≈≈##
≈≈≈≈≈≈≈≈≈≈≈≈≈≈≈≈≈≈≈≈###
≈≈≈≈≈≈≈≈≈≈≈≈≈≈≈≈≈≈###
≈≈≈≈≈≈≈≈≈#≈≈≈####


You could see Purgy.

Vanquished Creatures
  Robin (D:1)
  3 adders
  2 worms (D:2)
  A giant gecko (D:1)
  8 bats
  A giant cockroach (D:1)
  16 goblins
  5 hobgoblins
  4 jackals (D:2)
  A quokka (D:2)
  3 ball pythons (Sewer)
  A giant newt (D:3)
  3 kobolds (D:1)
  5 rats
54 creatures vanquished.

Notes
Turn   | Place    | Note
--------------------------------------------------------------
     0 | D:1      | Urist the Hill Orc Fighter began the quest for the Orb.
     0 | D:1      | Reached XP level 1. HP: 19/19 MP: 1/1
   144 | D:1      | Reached XP level 2. HP: 22/27 MP: 2/2
   641 | D:1      | Reached XP level 3. HP: 33/33 MP: 3/3
   705 | D:2      | Gained mutation: You are resistant to electric shocks. [potion of mutation]
   705 | D:2      | Gained mutation: Scrolls take you a little longer to read. [potion of mutation]
   705 | D:2      | Gained mutation: You are weak. (Str -2) [potion of mutation]
   712 | D:2      | Noticed Robin
  1387 | D:1      | Killed Robin
  1387 | D:1      | Reached skill level 1 in Dodging
  2054 | D:2      | Reached XP level 4. HP: 40/40 MP: 4/4
  2212 | D:2      | Reached skill level 4 in Shields
  2619 | D:3      | Found a sparkling altar of Nemelex Xobeh.
  2628 | D:3      | Found a glowing drain.
  2784 | Sewer    | Entered a sewer
  2897 | Sewer    | Noticed Purgy
  2933 | Sewer    | HP: 2/40 [Purgy (1)]
  2936 | Sewer    | Slain by Purgy

Action                   |  1- 3 |  4- 6 || total
-------------------------+-------+-------++-------
Melee: Trident           |   122 |   127 ||   249
  Use: Potion            |     7 |     2 ||     9
       Scroll            |     5 |     1 ||     6
  Eat: Meat ration       |     1 |       ||     1
       Pizza             |     1 |       ||     1
       Chunk             |     1 |       ||     1
       Fruit             |       |     1 ||     1
